 Dungeon Crawl Stone Soup version 0.30.1-4-g462c640d31 (webtiles) character file.

Game seed: 2242466381664700790

18087 spardeous the Placeless Demigod (level 11, -3/74 HPs)
             Began as a Demigod Conjurer on Aug 17, 2023.
             Shot with an arrow by a centaur warrior (19 damage)
             ... on level 13 of the Dungeon.
             The game lasted 00:29:19 (17845 turns).

spardeous the Placeless Demigod (Demigod Conjurer) Turns: 17845, Time: 00:29:20

Health: -3/74      AC: 11    Str: 16    XL:     11   Next: 98%
Magic:  30/30      EV: 14    Int: 20    God:
Gold:   554        SH: 13    Dex: 16    Spells: 23/32 levels left

rFire   . . .        n - +8 spear of Rytaesosu {spect, rC+}
rCold   + + .        Z - +1 kite shield {reflect}
rNeg    . . .        l - +2 ring mail {rC+}
rPois   +            U - +2 helmet {SInv}
rElec   .            R - +0 cloak {rPois}
rCorr   .            (no gloves)
SInv    +            (no boots)
Will    +....        S - amulet of reflection
Stlth   +            C - +5 ring of evasion
HPRegen 0.32/turn    K - ring of flight
MPRegen 0.22/turn

%: reflection
@: flying
A: high MP 1, forlorn, divine attributes
a: no special abilities


You were on level 13 of the Dungeon.
You visited 1 branch of the dungeon, and saw 13 of its levels.

You collected 833 gold pieces.
You spent 279 gold pieces at shops.

Inventory:

Hand Weapons
 n - the +8 spear of Rytaesosu (weapon) {spect, rC+}
   (You found it on level 2 of the Dungeon)

   rC:        It protects you from cold.
 y - the +1 hand axe of Lust {freeze, rElec Will+}
   (You found it on level 4 of the Dungeon)

   rElec:     It insulates you from electricity.
   Will:      It increases your willpower.
Armour
 l - a +2 ring mail of cold resistance (worn)
 o - a +3 leather armour of willpower
 R - a +0 cloak of poison resistance (worn)
 U - a +2 helmet of see invisible (worn)
 Z - a +1 kite shield of reflection (worn)
Jewellery
 j - an amulet of regeneration
 u - an amulet of the acrobat
 v - a ring of fire
 C - a +5 ring of evasion (left hand)
 K - a ring of flight (right hand)
 M - an amulet of guardian spirit
 S - an amulet of reflection (around neck)
 V - a ring of ice
 W - a ring of protection from fire
 X - a ring of poison resistance
Wands
 b - a wand of roots (5)
 L - a wand of paralysis (8)
 T - a wand of polymorph (2)
Scrolls
 f - 3 scrolls of noise
 g - 3 scrolls of enchant armour {unknown}
 i - 5 scrolls of vulnerability {unknown}
 k - 3 scrolls of butterflies {unknown}
 m - 2 scrolls of fog {unknown}
 q - 6 scrolls of teleportation
 s - 2 scrolls of amnesia
 x - a scroll of immolation
 D - 4 scrolls of acquirement {unknown}
 F - 2 scrolls of enchant weapon
 G - a scroll of silence
 H - 3 scrolls of magic mapping
 N - a scroll of brand weapon
 O - a scroll of torment {unknown}
 P - 2 scrolls of poison
 Q - a scroll of identify
 Y - a scroll of blinking {unknown}
Potions
 a - 3 potions of attraction {unknown}
 c - 3 potions of curing
 d - 2 potions of resistance
 e - 4 potions of brilliance {unknown}
 h - 6 potions of lignification
 p - a potion of ambrosia {unknown}
 r - a potion of might {unknown}
 t - a potion of heal wounds {unknown}
 w - 2 potions of degeneration {unknown}
 z - a potion of invisibility {unknown}
 A - 2 potions of mutation {unknown}
 B - 3 potions of haste {unknown}
 E - 2 potions of berserk rage {unknown}
 I - a potion of cancellation {unknown}
 J - 3 potions of flight {unknown}


   Skills:
 - Level 1.7 Dodging
 - Level 1.7 Stealth
 + Level 11.1 Spellcasting
 - Level 10.0 Conjurations
 + Level 11.2 Translocations


You had 23 spell levels left.
You knew the following spells:

 Your Spells              Type           Power      Damage    Failure   Level
a - Magic Dart            Conj           100%       1d8       1%          1
b - Searing Ray           Conj           100%       2d8       1%          2
c - Iskenderun's Mystic   Conj/Tloc      52%        2d11      5%          4
d - Wereblood             Tmut           11%        N/A       52%         2

Your spell library contained the following spells:

 Spells                   Type           Power      Damage    Failure   Level
 Apportation              Tloc           100%       N/A       1%          1
 Passage of Golubria      Tloc           54%        N/A       4%          4
 Dazzling Flash           Conj/Hex       62%        N/A       16%         3
 Necrotise                Necr           44%        1d6       38%         1
 Summon Small Mammal      Summ           44%        N/A       38%         1
 Fulminant Prism          Conj/Hex       15%        3d10      45%         4
 Cigotuvi's Dreadful Rot  Necr/Pois/Air  22%        N/A       52%         2
 Ensorcelled Hibernation  Hex/Ice        22%        N/A       52%         2
 Passwall                 Tmut/Erth      9%         N/A       52%         2
 Sublimation of Blood     Necr           11%        N/A       52%         2
 Ignite Poison            Fire/Tmut/Pois 11%        N/A       77%         3
 Spider Form              Tmut/Pois      11%        N/A       77%         3
 Swiftness                Air            11%        N/A       77%         3
 Freezing Cloud           Conj/Ice/Air   12%        6-21      96%         5
 Anguish                  Hex/Necr       5%         N/A       99%         4
 Leda's Liquefaction      Hex/Erth       5%         N/A       99%         4
 Lee's Rapid Deconstruct  Erth           5%         3d6*      100%        5
 Silence                  Hex/Air        5%         N/A       100%        5
 Statue Form              Tmut/Erth      7%         N/A       100%        6
 Summon Hydra             Summ           5%         N/A       100%        7
 Lehudib's Crystal Spear  Conj/Erth      15%        10d5      100%        8


Dungeon Overview and Level Annotations

Branches:
Dungeon (13/15)            Temple (0/1) D:5            Lair (0/5) D:10
    Orc (0/2) D:11
 Vaults: D:13-14

Shops:
D:1 [*   D:8 (   D:9 =*:*(((   D:11 ([

Annotations:
D:11 1 runed translucent door
D:12 exclusion: door


Innate Abilities, Weirdness & Mutations

You have an increased reservoir of magic. (+10% MP)
You shall have no god before yourself.
Your divine heritage dramatically boosts your attributes as you level up.


Message History

You kill the tengu warrior!
You now have 15/30 mp.
Unknown command.
Items here: ) [[ †.
Items here: ) [[ †.
Z - a +1 kite shield of reflection You regained 2 hp, and now have 22/74 hp.
You start putting on your armour.
You continue putting on your +1 kite shield of reflection. x4
You finish putting on your +1 kite shield of reflection.
You regained 5 hp, and now have 27/74 hp.
Unknown command.
Casting: Iskenderun's Mystic Blast (dangerous; 5% risk of failure)
Confirm with . or Enter, or press ? or * to list all spells.
Okay, then.
There is a stone staircase leading down here.
You start resting.
HP restored.
Health restored: 74 You regained 9 mp, and now have 26/30 mp.
You start resting.
Magic restored.
MP restored: 30 You start removing your amulet.
You continue taking off your amulet of regeneration. x4
You finish taking off your amulet of regeneration.
You start putting on your amulet.
You continue putting on your amulet of reflection. x5
You finish putting on your amulet of reflection.
You feel a shielding aura gather around you.
S - an amulet of reflection (around neck)
Okay, then.
You fly downwards.
The centaur warrior shoots an arrow.
The arrow hits you!!!
The centaur warrior shoots an arrow.
The arrow hits you!!
* * * LOW HITPOINT WARNING * * *
There is a stone staircase leading up, spattered with blood here.
You take 58 damage, and have 16/74 hp.
MASSIVE DAMAGE!!
Okay, then.
The centaur warrior shoots an arrow.
The arrow hits you!!
You die...

#. .
.
.####
##...
...
#.#
#.#
#@#
#.#
#.#
#.#
...
..c
###


You could see a centaur warrior.

Vanquished Creatures
  3 two-headed ogres
  A tengu warrior (D:12)
  A wizard (D:9)
  Pikel (D:8)
  A cyclops (D:9)
  Maurice (D:10)
  Joseph (D:10)
  Psyche (D:11)
  A gargoyle (D:12)
  A rime drake (D:10)
  A kobold demonologist (D:12)
  A wolf spider simulacrum (D:12)
  A troll (D:12)
  7 polar bears
  2 hornets
  4 slime creatures (D:12)
  A shadow (D:9)
  11 yaks
  2 vampires
  2 wyverns
  A steam dragon (D:10)
  The ghost of Whoops the Trooper, an amateur DsFi (D:5)
  A basilisk (D:12)
  6 vampire mosquitoes
  Menkaure (D:5)
  An acid dragon (D:9)
  5 orc warriors
  12 ice beasts
  2 sky beasts (D:7)
  3 phantoms (D:6)
  4 wolves
  2 centaurs
  2 kobold brigands
  2 bullfrogs
  2 gnoll sergeants
  2 scorpions (D:5)
  5 wights (D:8)
  16 killer bees
  4 howler monkeys
  5 electric eels
  A hound (D:5)
  A gnoll bouda (D:6)
  4 jellies
  4 orc priests
  A water moccasin simulacrum (D:5)
  Ijyb (D:2)
  2 iguanas
  A sleepcap (D:8)
  6 orc wizards
  2 bullfrog simulacra (D:5)
  7 centaur simulacra
  13 gnolls
  4 adders (D:5)
  5 white imps
  4 ufetubi (D:12)
  A worm (D:2)
  30 orcs
  6 ball pythons
  6 endoplasms
  4 giant cockroaches
  11 hobgoblins
  15 jackals
  3 quokkas
  3 bats
  4 frilled lizards
  18 goblins
  16 kobolds
  5 rats
299 creatures vanquished.

Vanquished Creatures (others)
  A spectral weapon (D:8)
1 creature vanquished.

Grand Total: 300 creatures vanquished

Notes
Turn   | Place    | Note
-------+----------+-------------------------------------------
     0 | D:1      | spardeous the Demigod Conjurer began the quest for the Orb.
     0 | D:1      | Reached XP level 1. HP: 14/14 MP: 5/5
    47 | D:1      | Found Lyemnerch's General Store.
   476 | D:1      | Reached XP level 2. HP: 20/20 MP: 3/7
   968 | D:1      | Found Enosus's Armour Emporium.
  1392 | D:2      | Learned a level 2 spell: Searing Ray
  1496 | D:2      | Reached XP level 3. HP: 26/26 MP: 6/9
  1955 | D:2      | Noticed Ijyb
  1984 | D:2      | Killed Ijyb
  1985 | D:2      | Reached XP level 4. HP: 23/33 MP: 2/11
  2370 | D:2      | Identified the +8 spear of Rytaesosu {spect, rC+}
  2462 | D:2      | Learned a level 4 spell: Iskenderun's Mystic Blast
  3747 | D:4      | Identified the +1 hand axe of Lust {freeze, rElec Will+}
  3937 | D:4      | Reached skill level 5 in Conjurations
  3937 | D:4      | Reached XP level 5. HP: 38/38 MP: 7/13
  4175 | D:5      | Entered Level 5 of the Dungeon
  4292 | D:5      | Found a runed translucent gate.
  4292 | D:5      | Found a runed translucent gate.
  4292 | D:5      | Found a runed translucent gate.
  4343 | D:5      | Noticed an ice beast
  4353 | D:5      | Killed an ice beast
  4354 | D:5      | Reached XP level 6. HP: 45/45 MP: 9/15
  4403 | D:5      | Found a staircase to the Ecumenical Temple.
  4693 | D:5      | Noticed Menkaure
  4703 | D:5      | Killed Menkaure
  4833 | D:5      | Reached XP level 7. HP: 42/50 MP: 9/17
  5108 | D:5      | Noticed Whoops's ghost (amateur DsFi)
  5418 | D:6      | Reached skill level 5 in Translocations
  5663 | D:6      | Reached XP level 8. HP: 56/57 MP: 10/18
  5813 | D:6      | Noticed a hornet
  5821 | D:6      | Paralysed by a hornet for 3 turns
  5826 | D:6      | Killed a hornet
  7784 | D:7      | Reached skill level 5 in Spellcasting
  7950 | D:8      | Found Haekerul's Weapon Shoppe.
  7993 | D:8      | Reached XP level 9. HP: 61/62 MP: 20/20
  8126 | D:8      | Noticed Pikel
  8172 | D:8      | Killed Pikel
  8370 | D:8      | Noticed a two-headed ogre
  8385 | D:8      | Killed a two-headed ogre
  9259 | D:9      | Reached XP level 10. HP: 67/69 MP: 9/25
  9423 | D:9      | Found Cixarih's Lightly-Used Armoury.
  9456 | D:9      | Found Rommo's Book Emporium.
  9598 | D:9      | Found Daolequze's Jewellery Boutique.
  9598 | D:9      | Found Nemearip's Weapon Shop.
  9600 | D:9      | Found Zaibesma's Weapon Shoppe.
  9603 | D:9      | Found Susmah's Weapon Boutique.
  9791 | D:9      | Found Ximich's General Store.
  9830 | D:9      | Noticed a wizard
  9837 | D:9      | Killed a wizard
  9958 | D:9      | Noticed a cyclops
  9976 | D:9      | Killed a cyclops
 10668 | D:5      | Learned a level 2 spell: Wereblood
 10696 | D:5      | Killed Whoops's ghost
 11013 | D:10     | Entered Level 10 of the Dungeon
 11142 | D:10     | Reached skill level 10 in Conjurations
 11662 | D:10     | Noticed Maurice
 11681 | D:10     | Killed Maurice
 12051 | D:10     | Found a staircase to the Lair.
 12178 | D:10     | Noticed Joseph
 12446 | D:10     | Killed Joseph
 12656 | D:10     | Reached XP level 11. HP: 74/74 MP: 19/28
 13244 | D:10     | Found a staircase to the Lair.
 13733 | D:11     | Noticed Psyche
 13747 | D:11     | Killed Psyche
 13914 | D:11     | Found Raum's Weapon Emporium.
 13916 | D:11     | Found a staircase to the Orcish Mines.
 13918 | D:11     | Found Galyxep's Armour Emporium.
 13933 | D:11     | Bought a +2 helmet of see invisible for 279 gold pieces
 13957 | D:11     | Noticed a two-headed ogre
 13975 | D:11     | Killed a two-headed ogre
 14235 | D:11     | Paralysed by an orc warrior for 3 turns
 14604 | D:11     | Noticed a yaktaur captain
 14604 | D:11     | Noticed a flayed ghost
 14604 | D:11     | Noticed a war gargoyle
 14605 | D:11     | Found a runed translucent door.
 14607 | D:11     | Noticed an ettin
 14607 | D:11     | Noticed a yaktaur captain
 14607 | D:11     | Noticed a deep elf archer
 14607 | D:11     | Noticed an orc warlord
 14607 | D:11     | Found the +2 hat of the Bear Spirit {Spirit, Bear, *Rage
                  | Will++}
 14769 | D:11     | Identified the +10 short sword "Byged" {speed, Int+5}
 15243 | D:12     | Reached skill level 10 in Spellcasting
 15305 | D:12     | Reached skill level 10 in Translocations
 15515 | D:12     | Noticed a sixfirhy
 16147 | D:12     | Noticed a boulder beetle
 17190 | D:12     | Noticed an angel
 17345 | D:12     | Noticed a two-headed ogre
 17458 | D:12     | Identified the +0 leather armour "Quolist" {rF+ Regen+
                  | Int+3 Slay-5}
 17531 | D:12     | Killed a two-headed ogre
 17647 | D:13     | Noticed a tengu warrior
 17656 | D:13     | Noticed a centaur warrior
 17661 | D:13     | HP: 2/74 [centaur warrior/arrow (9)]
 17764 | D:12     | Killed a tengu warrior
 17845 | D:13     | Shot with an arrow by a centaur warrior

Illustrated notes

Levels and vault maps discovered:
D:1:      heliophobic_arrival_henge, layout_loops_corners, serial_shops, shop,
          shop, ebering_ecumenical_altar_webs
D:2:      kennysheep_the_goblin_king, layout_rooms,
          hangedman_decor_diamond_cutter
D:3:      layout_loops_corners, st_stairs_12
D:4:      layout_gridville, lemuel_doored_altar
D:5:      layout_basic, minmay_temple_entry_drinking_statues,
          gammafunk_ghost_icy, uniq_menkaure
D:6:      layout_basic
D:7:      layout_loops_corners, mainiacjoe_overflow_two_lobes,
          serial_bayou_pond_e
D:8:      layout_basic, serial_shops, nicolae_shop_tiny_real_fake_doors,
          serial_rivers, chequers_serial_rivers_small_b,
          chequers_serial_rivers_micro_d, chequers_serial_rivers_micro_e,
          chequers_serial_rivers_large_b, chequers_serial_rivers_room_a,
          uniq_pikel
D:9:      kennysheep_big_flooded_room, layout_rooms, serial_shops,
          nicolae_shop_tiny_real_fake_doors, minmay_shop_damaged,
          nicolae_shop_national_dungeon_mall
D:10:     layout_stronghold, hellmonk_lair_entry_icy,
          nicolae_figureground_sparkle, uniq_maurice, uniq_joseph
D:11:     minmay_gate_of_8, layout_loops_corners, orc_david_3, kennysheep_nub,
          nicolae_kite_square_tiling_tiny, uniq_psyche
D:12:     layout_gridville, serial_ice, serial_ice_e, serial_ice_f,
          serial_ice_o, serial_ice_n, serial_ice_d, serial_ice_i, serial_ice_c,
          serial_ice_a, serial_ice_h, serial_ice_b, zin_angel
D:13:     layout_loops_ring, david_vaults_2, serial_shops, shop,
          nrook_guardian_serpent_double

Skill      XL: |  1  2  3  4  5  6  7  8  9 10 11 |
---------------+----------------------------------+-----
Spellcasting   | 2 3 4 5 7 9 11 | 11.1
Conjurations   | 4 5 6 8 10 | 10.0
Translocations | 2 5 8 9 11 | 11.2
Dodging        | |  1.7
Stealth        | |  1.7

Action                     |  1- 3 |  4- 6 |  7- 9 | 10-12 || total
---------------------------+-------+-------+-------+-------++-------
  Melee: Spear             |       |    14 |    74 |   170 ||   258
         Unarmed           |       |     1 |       |       ||     1
         Punch             |       |       |     1 |     3 ||     4
   Cast: Magic Dart        |    90 |    69 |       |    25 ||   184
         Searing Ray       |     5 |    12 |    33 |    58 ||   108
         Iskenderun's Myst |       |       |    14 |   143 ||   157
         Wereblood         |       |       |       |     2 ||     2
  Evoke: Wand              |       |       |       |     4 ||     4
    Use: Potion            |     3 |       |       |     3 ||     6
         Scroll            |       |       |       |    11 ||    11
   Stab: Distracted        |       |       |       |     1 ||     1
         Paralysed         |       |       |       |    13 ||    13
         Sleeping          |       |       |       |     1 ||     1
 Armour: Skin              |     6 |       |       |       ||     6
         Robe              |     1 |     1 |       |       ||     2
         Ring mail         |       |    16 |    38 |   113 ||   167
  Dodge: Dodged            |     9 |    18 |    84 |   279 ||   390
